 Dungeon Crawl Stone Soup version 0.26-a0-1102-g347fe5baa7 (webtiles) character file.

Game seed: 16745836650429238605

22620 streetpizza the Grappler (level 12, -4/126 HPs)
             Began as a Troll Berserker on Dec 15, 2020.
             Was the Champion of Trog.
             Slain by a fire giant
             ... wielding a +0 great sword of flaming
              (20 damage)
             ... on level 13 of the Dungeon on Dec 16, 2020.
             The game lasted 00:37:25 (12996 turns).

streetpizza the Grappler (Troll Berserker)         Turns: 12996, Time: 00:37:25

Health: -4/126     AC:  8    Str: 29    XL:     12   Next: 64%
Magic:  11/11      EV: 14    Int:  6    God:    Trog [******]
Gold:   505        SH:  0    Dex: 10    Spells: 11/11 levels left

rFire    + . .     SeeInvis +     - Unarmed
rCold    . . .     Faith    .   (no shield)
rNeg     + . .     Spirit   .   a - +0 animal skin
rPois    .         Reflect  .   Q - +1 hat {Will+}
rElec    .         Harm     .   R - +0 cloak
rCorr    .         Rampage  .   (gloves unavailable)
Will     +++..                  (boots unavailable)
Stlth    +.........             (no amulet)
HPRegen  1.71/turn              h - ring "Cosu" {rF+ rN+ Dex-5 SInv}
MPRegen  0.12/turn              q - +6 ring of dexterity

@: lethally poisoned (-4 -> -4), about to teleport, berserk cooldown,
regenerating, slowed, studying Polearms, very slow
A: large, unfitting armour, claws 3, regeneration 1, shaggy fur 1, tough skin 3
a: Berserk, Trog's Hand, Brothers in Arms, Renounce Religion


You were on level 13 of the Dungeon.
You worshipped Trog.
Trog was exalted by your worship.
You visited 2 branches of the dungeon, and saw 14 of its levels.

You collected 1085 gold pieces.
You spent 580 gold pieces at shops.

Inventory:

Hand Weapons
 T - the +9 short sword of Xick {vorpal, rN+ Str+2}
   (You found it on level 11 of the Dungeon)

   It inflicts extra damage upon your enemies.
   It affects your strength (+2).
   It protects you from negative energy.
Missiles
 v - 7 curare-tipped darts
 P - 4 large rocks
Armour
 a - a +0 animal skin (worn)
 Q - a +1 hat of willpower (worn)
 R - a +0 cloak (worn)
Jewellery
 f - an uncursed ring of fire
 h - the ring "Cosu" (left claw) {rF+ rN+ Dex-5 SInv}
   (You took it off an orc on level 8 of the Dungeon)

   [ring of positive energy]

   It affects your dexterity (-5).
   It protects you from fire.
   It protects you from negative energy.
   It lets you see invisible.
 p - an uncursed ring of resist corrosion
 q - a +6 ring of dexterity (right claw)
Wands
 o - a wand of disintegration (19)
 s - a wand of digging (19)
 u - a wand of flame (15)
 w - a wand of random effects (80)
 x - a wand of acid (20)
 E - a wand of polymorph (5)
 K - a wand of paralysis (7)
 N - a wand of enslavement (6)
Scrolls
 d - 11 scrolls of identify {unknown}
 g - 4 scrolls of teleportation
 j - 5 scrolls of remove curse
 l - 2 scrolls of enchant weapon {unknown}
 n - 2 scrolls of fear {unknown}
 r - 2 scrolls of fog {unknown}
 t - 3 scrolls of enchant armour {unknown}
 y - 2 scrolls of amnesia {unknown}
 B - a scroll of immolation {unknown}
 C - 4 scrolls of magic mapping {unknown}
 I - 3 scrolls of blinking
 M - a scroll of holy word {unknown}
 O - a scroll of summoning {unknown}
 U - a scroll of silence {unknown}
 V - a scroll of acquirement {unknown}
Potions
 b - a potion of berserk rage {unknown}
 c - 4 potions of magic {unknown}
 e - 2 potions of mutation {unknown}
 i - 3 potions of haste {unknown}
 k - a potion of experience {unknown}
 m - a potion of cancellation {unknown}
 z - 6 potions of curing
 A - a potion of flight {unknown}
 D - 2 potions of might {unknown}
 F - 2 potions of lignification
 G - 2 potions of invisibility
 H - 2 potions of heal wounds
 L - a potion of brilliance {unknown}
 S - a potion of attraction {unknown}
Books
 J - a manual of Polearms


   Skills:
 + Level 10.1 Fighting
 + Level 10.1 Dodging
 * Level 13.8 Unarmed Combat


You had 11 spell levels left.
You didn't know any spells.
Your spell library contained the following spells:

 Spells                   Type           Power        Failure   Level
 Corona                   Hex            #......      45%         1
 Ensorcelled Hibernation  Hex/Ice        #.....       58%         2
 Slow                     Hex            #.......     58%         2
 Confusing Touch          Hex            #.......     83%         3
 Dazzling Flash           Conj/Hex       #.....       83%         3
 Gell's Gravitas          Tloc           #.........   83%         3
 Inner Flame              Hex/Fire       #.......     83%         3
 Portal Projectile        Hex/Tloc       #.....       83%         3
 Tukima's Dance           Hex            #.......     83%         3
 Cause Fear               Hex            #.........   99%         4
 Leda's Liquefaction      Hex/Erth       #.........   99%         4
 Petrify                  Tmut/Erth      #.......     99%         4
 Metabolic Englaciation   Hex/Ice        #.........   100%        5
 Yara's Violent Unravell  Hex/Tmut       #.........   100%        5


Dungeon Overview and Level Annotations

Branches:
Dungeon (13/15)            Temple (1/1) D:7            Lair (0/6) D:9
    Orc (0/2) D:9
 Vaults: D:13-14

Altars:
Ashenzari
Cheibriados
Dithmenos
Elyvilon
Fedhas
Gozag
Hepliaklqana
Kikubaaqudgha
Makhleb
Nemelex Xobeh
Okawaru
Qazlal
Ru
Sif Muna
Trog
Uskayaw
Vehumet
Wu Jian
Xom
Yredelemnul
Zin
The Shining One
Jiyva

Shops:
D:7 !   D:8 *

Portals:
Trove: D:12 (give 5 scrolls of blinking)


Innate Abilities, Weirdness & Mutations

You are too large for most types of armour.
You have claws for hands.
Your natural rate of healing is unusually fast.
You are covered in fur. (AC +1)
You have extremely tough skin. (AC +3)


Message History

The fire giant is moderately wounded.
The glowing orange brain changes into a shining eye!
The fire giant barely misses you. The yak gores you!
As you read the scroll of teleportation, it crumbles to dust.
You feel strangely unstable.
You feel sick.
The tengu reaver's soul is no longer bound.
The tengu reaver hits you from afar with a +0 bardiche.
The fire giant hits you with a +0 great sword of flaming!!
The fire giant burns you. The yak barely misses you.
The boggart mumbles some strange words.
The boggart flickers and vanishes for a moment.
You claw the fire giant!
The fire giant is heavily wounded.
You hear a bellow!
The tengu reaver hits you from afar with a +0 bardiche!!
* * * LOW HITPOINT WARNING * * *
The yak gores you.
* * * LOW HITPOINT WARNING * * *
The fire giant hits you with a +0 great sword of flaming!!
You die...

.......# .....### ##
##....... .....# #.
.#....... .....#
.#.#....... .....#
...#..../.. .....# #
##.##..... .....# ##o
#$)?#... .....#
#*Yg#####.# ######
#QC@YY..# .....#
#ZYO#####.# ...>.# ##G
#$T!#.# .....# #
##.##.# .....# ...#.#
.....# .#.#.# .....#
#. .#.#
.....###############.#
.....##..............#


You could see a fire giant (soul bound), a tengu reaver, an orc knight (soul
bound), a shining eye shaped shifter, a deep troll earth mage, 4 yaks, an ogre
(summoned), a boggart (invisible), a battlesphere and a centaur warrior
simulacrum.

Vanquished Creatures
  Gastronok (D:11)
  2 centaur warriors
  3 two-headed ogres
  An unseen horror (D:11)
  An unseen horror (shapeshifter) (D:8)
  A deep elf mage (D:13)
  3 necromancers
  2 cyclopes
  Maurice (D:11)
  A kobold demonologist (D:12)
  A harpy zombie (D:13)
  A tengu conjurer (D:13)
  A queen bee (D:10)
  A meliai (shapeshifter) (D:12)
  2 meliai zombies
  4 flying skulls (D:9)
  3 shadows (D:9)
  2 wyverns
  4 yaks
  A water elemental (D:12)
  4 fire bats (D:13)
  5 vampire mosquitoes (D:13)
  3 wraiths (D:9)
  A yak (shapeshifter) (D:13)
  Menkaure (D:7)
  A soldier ant (D:13)
  Duvessa (D:4)
  A hell hound (D:13)
  2 sky beasts
  A phantom (D:5)
  3 ice beasts
  An eye of draining (D:7)
  A black bear (D:9)
  5 orc warriors
  A necrophage (D:12)
  6 centaurs
  6 ogres
  2 big kobolds
  9 bullfrogs
  Dowan (D:4)
  4 scorpions
  11 killer bees (D:10)
  7 wights (D:9)
  7 howler monkeys
  8 electric eels
  2 lava snakes (D:13)
  3 centaur zombies
  4 bullfrog zombies
  11 orc priests
  8 hounds
  8 jellies
  11 orc wizards
  2 bullfrog skeletons
  6 centaur skeletons
  7 worker ants
  7 iguanas
  A killer bee zombie (D:9)
  3 hound skeletons
  A howler monkey zombie (D:9)
  5 worker ant zombies
  A howler monkey skeleton (D:4)
  18 adders
  4 gnolls (D:4)
  4 shadow imps
  A white imp (D:5)
  5 ufetubi
  An ooze (D:1)
  3 adder zombies (D:9)
  3 adder skeletons
  2 worms
  2 dart slugs
  3 leopard geckos
  52 orcs
  2 ball pythons
  9 bats
  4 giant cockroaches
  2 gnoll zombies (D:2)
  11 goblins
  10 hobgoblins
  20 jackals
  6 quokkas
  2 frilled lizards
  16 kobolds
  A leopard gecko skeleton (D:4)
  2 leopard gecko zombies (D:9)
  3 quokka skeletons
  A quokka zombie (D:6)
  5 rats (D:1)
400 creatures vanquished.

Vanquished Creatures (others)
  A fire vortex (D:13)
  13 fungi (D:9)
  55 plants
69 creatures vanquished.

Grand Total: 469 creatures vanquished

Notes
Turn   | Place    | Note
-------+----------+-------------------------------------------
     0 | D:1      | streetpizza the Troll Berserker began the quest for the
                  | Orb.
     0 | D:1      | Reached XP level 1. HP: 22/22 MP: 0/0
    97 | D:1      | Reached XP level 2. HP: 29/29 MP: 1/1
   222 | D:1      | Reached ** piety under Trog
   302 | D:1      | Reached XP level 3. HP: 35/36 MP: 2/2
   763 | D:2      | Found an ornate altar of the Wu Jian Council.
   774 | D:2      | Found a sparkling altar of Nemelex Xobeh.
   778 | D:2      | Found a hazy altar of Hepliaklqana.
  1107 | D:2      | Found a shimmering altar of Xom.
  1256 | D:2      | Found a basalt altar of Yredelemnul.
  1325 | D:2      | You fall into a shaft and drop 2 floors!
  1352 | D:4      | Reached XP level 4. HP: 27/45 MP: 3/3
  1445 | D:4      | Reached skill level 4 in Unarmed Combat
  1735 | D:3      | Reached XP level 5. HP: 44/53 MP: 4/4
  1742 | D:3      | Reached *** piety under Trog
  2031 | D:3      | Found a burning altar of Makhleb.
  2114 | D:3      | Reached XP level 6. HP: 30/62 MP: 5/5
  2455 | D:4      | Reached skill level 5 in Unarmed Combat
  2548 | D:4      | Noticed Duvessa
  2548 | D:4      | Noticed Dowan
  2558 | D:4      | Killed Duvessa
  2559 | D:4      | Reached XP level 7. HP: 71/71 MP: 6/6
  2561 | D:4      | Killed Dowan
  2730 | D:4      | Reached **** piety under Trog
  3213 | D:5      | Entered Level 5 of the Dungeon
  3239 | D:5      | Found an opulent altar of Gozag.
  3280 | D:5      | Reached skill level 5 in Fighting
  3280 | D:5      | Reached skill level 5 in Dodging
  3280 | D:5      | Reached skill level 6 in Unarmed Combat
  3394 | D:5      | Reached XP level 8. HP: 80/80 MP: 7/7
  4125 | D:6      | Reached skill level 7 in Unarmed Combat
  4649 | D:6      | HP: 4/124 [orc warrior/+3 long sword (6)]
  4660 | D:6      | Reached XP level 9. HP: 7/89 MP: 8/8
  4810 | D:6      | Found a blossoming altar of Fedhas.
  5046 | D:7      | Reached ***** piety under Trog
  5435 | D:7      | Noticed Menkaure
  5442 | D:7      | Killed Menkaure
  5443 | D:7      | Reached skill level 8 in Unarmed Combat
  5528 | D:7      | Found a staircase to the Ecumenical Temple.
  5547 | Temple   | Entered the Ecumenical Temple
  5887 | D:7      | Found Coqah's Distillery.
  5894 | D:7      | Bought a potion of lignification for 45 gold pieces
  5894 | D:7      | Bought a potion of curing for 45 gold pieces
  5894 | D:7      | Bought a potion of degeneration for 15 gold pieces
  5894 | D:7      | Bought a potion of invisibility for 120 gold pieces
  5894 | D:7      | Bought a potion of heal wounds for 75 gold pieces
  6250 | D:8      | Identified the ring "Cosu" {rF+ rN+ Dex-5 SInv}
  6292 | D:8      | Found a radiant altar of Vehumet.
  6510 | D:8      | Found Issauwn's General Store.
  6519 | D:8      | Bought a wand of digging (5) for 198 gold pieces
  6879 | D:8      | Noticed a centaur warrior
  6879 | D:8      | Noticed an unseen horror
  6882 | D:8      | Killed an unseen horror
  6891 | D:8      | Killed a centaur warrior
  6892 | D:8      | Reached skill level 9 in Unarmed Combat
  6892 | D:8      | Reached XP level 10. HP: 18/102 MP: 9/9
  7151 | D:9      | Found a viscous altar of Jiyva.
  7200 | D:9      | Found an ornate altar of the Wu Jian Council.
  7324 | D:9      | Found a staircase to the Orcish Mines.
  7420 | D:9      | Noticed a two-headed ogre
  7427 | D:9      | Killed a two-headed ogre
  7515 | D:9      | Received a gift from Trog
  7564 | D:9      | Reached skill level 10 in Unarmed Combat
  7681 | D:9      | Found a white marble altar of Elyvilon.
  7721 | D:9      | Noticed a necromancer
  7755 | D:9      | Killed a necromancer
  7786 | D:9      | Reached XP level 11. HP: 87/113 MP: 10/10
  7865 | D:9      | Noticed a necromancer
  7888 | D:9      | Killed a necromancer
  7889 | D:9      | Reached skill level 11 in Unarmed Combat
  8091 | D:9      | Received a gift from Trog
  8464 | D:9      | Found a staircase to the Lair.
  8578 | D:10     | Entered Level 10 of the Dungeon
  9170 | D:10     | Noticed a two-headed ogre
  9181 | D:10     | Killed a two-headed ogre
  9892 | D:11     | Noticed a two-headed ogre
  9903 | D:11     | Killed a two-headed ogre
  9904 | D:11     | Reached skill level 12 in Unarmed Combat
 10091 | D:11     | Noticed Gastronok
 10103 | D:11     | Killed Gastronok
 10144 | D:11     | Noticed Maurice
 10164 | D:11     | Killed Maurice
 10346 | D:11     | Noticed an unseen horror
 10355 | D:11     | Killed an unseen horror
 10356 | D:11     | Reached XP level 12. HP: 109/124 MP: 11/11
 10529 | D:11     | Got a bloodstained short sword
 10530 | D:11     | Identified the +9 short sword of Xick {vorpal, rN+ Str+2}
                  | (You found it on level 11 of the Dungeon)
 11279 | D:12     | Found a portal to a secret trove of treasure.
 11424 | D:8      | Bought a scroll of blinking for 82 gold pieces
 12206 | D:13     | Reached skill level 13 in Unarmed Combat
 12278 | D:13     | Reached ****** piety under Trog
 12958 | D:13     | Noticed a fire giant
 12958 | D:13     | Noticed a deep troll earth mage
 12959 | D:13     | Noticed a centaur warrior
 12972 | D:13     | Reached skill level 10 in Fighting
 12972 | D:13     | Reached skill level 10 in Dodging
 12975 | D:13     | Killed a centaur warrior
 12984 | D:13     | Noticed a tengu reaver
 12996 | D:13     | Slain by a fire giant

Illustrated notes

Levels and vault maps discovered:
D:1:      minmay_arrival_checkered_box, layout_basic
D:2:      layout_basic, lemuel_doored_altar, lemuel_zombie_altar_yredelemnul,
          minmay_overflow_temple_star_quad
D:3:      layout_rooms, makhleb_heckhound_becter
D:4:      layout_cave_pods, uniq_duvessa
D:5:      minmay_diamond_boxcup, layout_cave_pools, grunt_gozag_breadcrumbs
D:6:      layout_basic, fedhas_altar_fruit_tree
D:7:      layout_loops_corners, minmay_temple_entry_butterflies, serial_glass,
          glass_columns_a, glass_columns_b, serial_shops,
          nicolae_shop_statue_plus, kennysheep_generic_room_13, uniq_menkaure
D:8:      minmay_tri_box, layout_basic, serial_shops, nicolae_shop_crystal,
          basic_altar
D:9:      hangedman_screamer, layout_layer_cave, overflow_temple_1_default,
          grunt_lair_entry_orc_guard_hut, orc_david_3, basic_altar,
          jiyva_altar_1
D:10:     layout_stronghold, nicolae_looking_at_the_future
D:11:     layout_rooms, uniq_gastronok, uniq_maurice
D:12:     layout_long_grid, nicolae_trove_entry_crystal, serial_bayou_lagoon_b
D:13:     minmay_guarded_unrand_guard, layout_stronghold, kennysheep_path_1,
          hangedman_incinerator
Temple:   nicolae_temple_figure_eight

Skill      XL: |  1  2  3  4  5  6  7  8  9 10 11 12 |
---------------+-------------------------------------+-----
Fighting       | 3 4 5 6 7 8 9 10 | 10.1
Dodging        | 3 4 5 6 7 8 9 10 | 10.1
Unarmed Combat | 4 5 6 7 9 10 12 13 | 13.8

Action                   |  1- 3 |  4- 6 |  7- 9 | 10-12 || total
-------------------------+-------+-------+-------+-------++-------
Melee: Unarmed           |   100 |   155 |   332 |   571 ||  1158
       Punch             |     1 |     4 |    11 |    30 ||    46
Invok: Berserk           |       |     2 |     5 |     8 ||    15
       Trog's Hand       |       |       |     2 |     5 ||     7
  Use: Scroll            |       |       |       |     5 ||     5
       Potion            |       |       |       |     1 ||     1
 Stab: Sleeping          |       |       |     1 |     1 ||     2
Armor: Animal skin       |    42 |    42 |    79 |   122 ||   285
Dodge: Dodged            |    42 |    87 |   173 |   324 ||   626

Table legend: (Time is in decaauts)
 A = Elapsed time spent in this place.
 B = Non-inter-level travel time spent in this place.
 C = Inter-level travel time spent in this place.
 D = Time resting spent in this place.
 E = Time spent auto-exploring this place.
 F = Levels seen in this place.
 G = Mean time per level.
                   A        B        C        D        E       F      G
               +--------+--------+--------+--------+--------+-----+--------+
         Total |  12956 |  12356 |    600 |    810 |   8903 |  14 |  925.4 |
       Dungeon |  12702 |  12112 |    590 |    810 |   8661 |  13 |  977.1 |
        Temple |    253 |    243 |     10 |      0 |    242 |   1 |  253.0 |
               +--------+--------+--------+--------+--------+-----+--------+

Top non-repeatable levels by time:
     D:9: 1501 daAuts
    D:10: 1297 daAuts
    D:12: 1274 daAuts
     D:4: 1240 daAuts
     D:7: 985 daAuts
     D:8: 980 daAuts
     D:6: 894 daAuts
    D:11: 874 daAuts
    D:13: 864 daAuts
     D:5: 821 daAuts
     D:1: 747 daAuts
     D:2: 620 daAuts
     D:3: 601 daAuts
  Temple: 253 daAuts
